 Dungeon Crawl Stone Soup version 0.23-a0-151-gf6d1ed2 (webtiles) character file.

700 Inarius the Cudgeler (level 7, -7/71 HPs)
             Began as an Ogre Hunter on Sept 7, 2018.
             Mangled by Prince Ribbit (14 damage)
             ... on level 5 of the Dungeon.
             The game lasted 00:13:11 (6544 turns).

Inarius the Cudgeler (Ogre Hunter)                  Turns: 6544, Time: 00:13:12

Health: -7/71      AC:  3    Str: 19    XL:     7   Next: 65%
Magic:  0/16       EV: 10    Int: 12    God:
Gold:   259        SH:  0    Dex:  9    Spells: 6/6 levels left

rFire    . . .     SeeInvis .   h - +0 mace
rCold    . . .     Gourm    .   (no shield)
rNeg     . . .     Faith    .   q - +0 animal skin
rPois    .         Spirit   +   (helmet restricted)
rElec    .         Reflect  .   y - scarf {Spirit}
rCorr    .         Harm     .   (gloves unavailable)
MR       .....                  (boots unavailable)
Stlth    +.........             o - amulet of guardian spirit
HPRegen  0.21/turn              s - ring of magical power
MPRegen  0.15/turn              (no ring)

@: very slightly contaminated, invisible
A: large, unfitting armour, tough skin 1
a: no special abilities


You were on level 5 of the Dungeon.
You were not hungry.

You visited 1 branch of the dungeon, and saw 5 of its levels.

You collected 259 gold pieces.

Inventory:

Hand Weapons
 h - a +0 mace (weapon)
Missiles
 c - 4 large rocks
 d - a throwing net
 e - 103 stones (quivered)
 x - 3 poisoned javelins
Armour
 q - a +0 animal skin (worn)
 y - a scarf of spirit shield (worn)
Jewellery
 o - an amulet of guardian spirit (around neck)
 s - a ring of magical power (left hand)
Scrolls
 b - a scroll of blinking {unknown}
 g - 5 scrolls of remove curse
 j - a scroll of fog {unknown}
 k - 2 scrolls of fear {unknown}
 m - 5 scrolls of teleportation
 p - a scroll of identify
 u - a scroll of amnesia {unknown}
 v - 2 scrolls of random uselessness {unknown}
 w - a scroll of magic mapping {unknown}
Potions
 a - a potion of degeneration {unknown}
 l - 2 potions of curing
 n - a potion of agility
 r - a potion of flight
 t - 3 potions of mutation
Comestibles
 f - 9 rations
 z - 4 chunks of flesh


   Skills:
 + Level 4.9 Fighting
 * Level 5.3 Maces & Flails
 + Level 5.1 Throwing
 + Level 3.2 Dodging
 - Level 0.6 Stealth


You had 6 spell levels left.
You didn't know any spells.
Your spell library was empty.

Dungeon Overview and Level Annotations

Branches:
Dungeon (5/15)
 Temple: D:4-7

Altars:
Nemelex Xobeh

Annotations:
D:4 1 runed door, Thaneod's ghost, amateur VSFi
D:5 Prince Ribbit


Innate Abilities, Weirdness & Mutations

You are too large for most types of armour.
You have tough skin. (AC +1)


Message History

z - 4 chunks of flesh (gained 3) Prince Ribbit hits you!
You closely miss Prince Ribbit. Prince Ribbit closely misses you.
Prince Ribbit barely misses you.
You hit Prince Ribbit.
Prince Ribbit is lightly wounded.
Prince Ribbit hits you!!
It was a potion of invisibility.
You fade into invisibility!
Prince Ribbit closely misses you. Prince Ribbit hits you!
* * * LOW HITPOINT WARNING * * *
You are very lightly contaminated with residual magic.
You barely miss Prince Ribbit.
Prince Ribbit is lightly wounded.
Prince Ribbit hits you!
* * * LOW HITPOINT WARNING * * *
Prince Ribbit barely misses you. Prince Ribbit barely misses you.
Prince Ribbit hits you!
You die...

#### #.<# ########..#
..........# #. #######
########..# #. #.....#
####..# #. #.#
#.########.....# .
#.###.###...(..........#
..
+......F@>#............#
...
##.##.###.#...........##
.... #....#
#...########### .....
#÷##########
......#(.†..#
..........#.#
........### ###.....#
.........


You could see Prince Ribbit.

Vanquished Creatures
  Sigmund (D:3)
  A scorpion (D:4)
  2 howler monkeys
  3 orc priests
  A jelly (D:5)
  An iguana (D:5)
  Natasha (twice) (D:3)
  A worker ant (D:4)
  Robin (D:2)
  3 gnolls (D:4)
  2 adders
  An ooze (D:4)
  3 dart slugs
  8 leopard geckos
  7 orcs
  5 giant cockroaches
  18 goblins
  13 hobgoblins
  10 jackals
  10 kobolds
  4 quokkas
  3 ball pythons
  4 bats
  7 frilled lizards
  8 rats
119 creatures vanquished.

Notes
Turn   | Place    | Note
-------+----------+-------------------------------------------
     0 | D:1      | Inarius the Ogre Hunter began the quest for the Orb.
     0 | D:1      | Reached XP level 1. HP: 22/22 MP: 1/1
   390 | D:1      | Reached XP level 2. HP: 25/29 MP: 2/2
  1000 | D:1      | Reached XP level 3. HP: 19/37 MP: 3/3
  1500 | D:1      | Reached skill level 1 in Maces & Flails
  1723 | D:2      | Noticed Robin
  1910 | D:2      | Killed Robin
  1910 | D:2      | Reached XP level 4. HP: 37/45 MP: 1/4
  2406 | D:2      | Found a sparkling altar of Nemelex Xobeh.
  2411 | D:2      | Reached XP level 5. HP: 53/53 MP: 5/5
  3736 | D:3      | Noticed Sigmund
  3764 | D:3      | Killed Sigmund
  3764 | D:3      | Reached XP level 6. HP: 37/62 MP: 6/6
  3950 | D:3      | Noticed Natasha
  3954 | D:3      | Killed Natasha
  4406 | D:3      | Noticed Natasha
  4413 | D:3      | Killed Natasha
  4689 | D:3      | Reached XP level 7. HP: 56/71 MP: 7/7
  5140 | D:4      | Reached skill level 5 in Throwing
  5356 | D:4      | Found a runed door.
  5358 | D:4      | Noticed Thaneod's ghost (amateur VSFi)
  5998 | D:4      | Reached skill level 5 in Maces & Flails
  6380 | D:5      | Entered Level 5 of the Dungeon
  6531 | D:5      | Noticed Prince Ribbit
  6544 | D:5      | Mangled by Prince Ribbit

Vault maps used:
D:1:      dpeg_arrival_morbid_curiosity
D:2:      nemelex_xobeh_ov_fountains_minmay, uniq_robin
D:3:      minmay_door_path, first_ration, kennysheep_generic_room_4,
          uniq_sigmund, uniq_natasha
D:4:      hellmonk_ghost_happy_afterlife
D:5:      minmay_temple_entry_poolview, serial_shops, shop, uniq_prince_ribbit1,
          uniq_menkaure

Skill      XL: |  1  2  3  4  5  6  7 |
---------------+----------------------+-----
Fighting       | 3 4 |  4.9
Dodging        | 2 3 |  3.2
Maces & Flails | 1 2 4 5 |  5.3
Throwing       | 5 |  5.1
Stealth        | |  0.6

Action                   |  1- 3 |  4- 6 |  7- 9 || total
-------------------------+-------+-------+-------++-------
Melee: Short sword       |    27 |       |       ||    27
       Mace              |    91 |   196 |   113 ||   400
Throw: Stone             |    55 |    75 |    30 ||   160
       Large rock        |       |     3 |     1 ||     4
       Throwing net      |       |     2 |       ||     2
       Javelin           |       |       |     2 ||     2
  Use: Scroll            |       |     3 |     2 ||     5
       Potion            |       |       |     1 ||     1
 Stab: Sleeping          |       |     1 |       ||     1
  Eat: Chunk             |     3 |     9 |     6 ||    18
Armor: Robe              |    40 |       |       ||    40
       Animal skin       |       |    54 |    31 ||    85
Dodge: Dodged            |    74 |   118 |    75 ||   267

Table legend:
 A = Non-vault XP
 B = Vault XP
 C = Vault XP percentage of total XP
 D = Non-vault monster count
 E = Vault monster count
 F = Vault count percentage of total count
                 A         B        C        D         E       F
            +---------+---------+-------+---------+---------+-------
      Total |     689 |     311 |  31.1 |      97 |      22 |  18.5
            +---------+---------+-------+---------+---------+-------
        D:1 |      39 |      14 |  26.4 |      18 |       7 |  28.0
        D:2 |     104 |      31 |  23.0 |      29 |      10 |  25.6
        D:3 |     179 |     266 |  59.8 |      28 |       5 |  15.2
        D:4 |     226 |       0 |   0.0 |      16 |       0 |   0.0
        D:5 |     141 |       0 |   0.0 |       6 |       0 |   0.0
            +---------+---------+-------+---------+---------+-------
